 Dungeon Crawl Stone Soup version 0.31-a0-198-g2ad674f65e (webtiles) character file.

Game seed: 6545459968363370279

724 qw the Skirmisher (level 7, 0/40 HPs)
             Began as a Deep Elf Hunter on June 25, 2023.
             Slain by an iguana (5 damage)
             ... on level 5 of the Dungeon.
             The game lasted 00:01:23 (3928 turns).

qw the Skirmisher (Deep Elf Hunter)                 Turns: 3928, Time: 00:01:24

Health: 0/40       AC:  8    Str: 10    XL:     7   Next: 43%
Magic:  9/9        EV: 13    Int: 14    God:
Gold:   300        SH:  0    Dex: 24    Spells: 6/6 levels left

rFire   + . .        Y - +2 shortbow
rCold   + . .        (shield currently unavailable)
rNeg    . . .        e - +0 ring mail
rPois   .            n - +0 helmet
rElec   .            b - scarf "Oshrialeb" {rC+ rF+, rCorr SInv}
rCorr   +            o - +0 pair of gloves
SInv    +            d - +0 pair of boots
Will    .....        (no amulet)
Stlth   ++           j - +6 ring of dexterity
HPRegen 0.26/turn    (no ring)
MPRegen 0.11/turn

%: no passive effects
@: about to teleport
A: no striking features
a: no special abilities


You were on level 5 of the Dungeon.
You visited 1 branch of the dungeon, and saw 5 of its levels.

You collected 300 gold pieces.


   Skills:
 - Level 2.2 Fighting
 + Level 10.2 Ranged Weapons
 - Level 1.3 Armour
 - Level 5.2 Dodging
 - Level 1.2 Stealth


You had 6 spell levels left.
You didn't know any spells.
Your spell library was empty.

Inventory:

Hand Weapons
 Y - a +2 shortbow (weapon)
Armour
 b - the scarf "Oshrialeb" (worn) {rC+ rF+, rCorr SInv}
   (You found it on level 2 of the Dungeon)

   SInv:      It lets you see invisible.
   rCorr:     It protects you from acid and corrosion.
 d - a +0 pair of boots (worn)
 e - a +0 ring mail (worn)
 n - a +0 helmet (worn)
 o - a +0 pair of gloves (worn)
Jewellery
 j - a +6 ring of dexterity (left hand)
Scrolls
 c - a scroll of immolation {unknown}
 f - a scroll of silence {unknown}
 i - a scroll of identify
 k - a scroll of blinking {unknown}
Potions
 g - a potion of curing
 h - a potion of invisibility {unknown}
 l - a potion of lignification {unknown}
 m - a potion of mutation {unknown}
 p - a potion of ambrosia {unknown}
 q - a potion of might {unknown}

Dungeon Overview and Level Annotations

Branches:
Dungeon (5/15)
 Temple: D:4-7

Altars:
Elyvilon
Fedhas
Kikubaaqudgha
Nemelex Xobeh

Shops:
D:1 :   D:5 (

Annotations:
D:3 3 runed translucent doors, qw's ghost, amateur DEHu; qw's ghost, weakling DEHu


Message History

The black bear claws you.
You shoot an arrow. The arrow hits the iguana.
The iguana is heavily wounded.
The iguana bites you. The black bear bites you. The black bear claws you.
The black bear barely misses you.
You shoot an arrow. The arrow hits the iguana.
The iguana is severely wounded.
The iguana bites you but does no damage.
The white imp misses you. The black bear barely misses you.
The black bear claws you but does no damage. x2
You shoot an arrow. The arrow closely misses the iguana.
The black bear bites you. The black bear misses you.
The black bear claws you but does no damage.
The iguana bites you.
The white imp hits you but does no damage.
You shoot an arrow. The arrow closely misses the iguana.
The iguana closely misses you.
The white imp hits you but does no damage.
The black bear bites you but does no damage.
The black bear claws you but does no damage.
The black bear closely misses you.
You shoot an arrow.
The arrow hits the iguana but does no damage.
The iguana is severely wounded.
The black bear bites you but does no damage.
The black bear misses you.
The black bear claws you but does no damage.
The iguana closely misses you. The white imp hits you.
The white imp freezes you. You resist.
You shoot an arrow. The arrow hits the iguana.
The iguana is severely wounded.
The iguana bites you! The white imp misses you. The black bear bites you.
The black bear misses you. The black bear claws you.
3928 ||| READING scroll of teleportation.
As you read the scroll of teleportation, it crumbles to dust.
You feel strangely unstable. The black bear barely misses you.
The black bear claws you but does no damage.
The black bear claws you. The iguana bites you.
You die...

....##..........#
.....#..........# #...
...............## ....
..............)# .....
..............## #.....
..............# #......
.............## .......
.....#........###l......
....###.....##..@h......
...## #....#####.5......
..# ##..## ......... .
#### ##........
##....... ##..... #....
##..


You could see a black bear, an iguana and a white imp.

Vanquished Creatures
  Sigmund (D:3)
  An ogre (D:5)
  A phantom (D:5)
  A scorpion (D:4)
  3 hounds (D:5)
  A jelly (D:5)
  2 iguanas
  Robin (D:3)
  3 gnolls (D:4)
  5 adders
  A shadow imp (D:3)
  A white imp (D:5)
  2 worms
  2 dart slugs (D:1)
  2 orcs
  4 ball pythons
  2 bats
  8 endoplasms
  3 giant cockroaches
  7 goblins
  11 hobgoblins
  7 jackals
  5 quokkas
  3 frilled lizards
  2 kobolds
  6 rats
85 creatures vanquished.

Notes
Turn   | Place    | Note
-------+----------+-------------------------------------------
     0 | D:1      | qw the Deep Elf Hunter began the quest for the Orb.
     0 | D:1      | Reached XP level 1. HP: 12/12 MP: 3/3
     0 | D:1      | 0 ||| qw: Version: 0.3-a-22-g0ed2b0b
     0 | D:1      | 0 ||| qw: Game counter: 5221
     0 | D:1      | 0 ||| qw: Melee chars always use a shield: true
     0 | D:1      | 0 ||| qw: God list: Okawaru
     0 | D:1      | 0 ||| qw: Allow faded altars: false
     0 | D:1      | 0 ||| qw: Do Orc after clearing Dungeon:15 true
     0 | D:1      | 0 ||| qw: Do second Lair branch before Depths: true
     0 | D:1      | 0 ||| qw: Lair rune preference: random
     0 | D:1      | 0 ||| qw: Goals: Normal
     0 | D:1      | 0 ||| PLANNING D:1-11
   102 | D:1      | Reached skill level 6 in Ranged Weapons
   102 | D:1      | Reached XP level 2. HP: 16/16 MP: 4/4
   396 | D:1      | Found Qyetuhuk's Book Boutique.
   699 | D:1      | Reached XP level 3. HP: 20/20 MP: 5/5
   780 | D:1      | 780 ||| READING 2 scrolls labelled EKKOON ISOHO.
   785 | D:1      | 785 ||| READING scroll labelled LAOHIN JEVI.
   786 | D:1      | 786 ||| DROPPING scroll of butterflies.
   858 | D:2      | Identified the scarf "Oshrialeb" {rC+ rF+, rCorr SInv}
   983 | D:2      | Reached skill level 7 in Ranged Weapons
  1138 | D:2      | Found a faded altar of an unknown god.
  1402 | D:2      | 1402 ||| UPGRADING to scarf "Oshrialeb" {rC+ rF+, rCorr
                  | SInv}.
  1407 | D:2      | 1407 ||| UPGRADING to +0 ring mail.
  1417 | D:2      | 1417 ||| DROPPING +0 leather armour.
  1418 | D:2      | 1418 ||| UPGRADING to +6 ring of dexterity.
  1419 | D:2      | 1419 ||| READING 2 scrolls labelled JEOPLUMP IGYE.
  1420 | D:2      | 1420 ||| READING scroll labelled IDUFFA HUNUCUSER.
  1550 | D:3      | 1550 ||| READING scroll of enchant weapon.
  1550 | D:3      | 1550 ||| ENCHANTING +1 shortbow.
  1583 | D:3      | Reached XP level 4. HP: 25/25 MP: 6/6
  1587 | D:3      | Found a blossoming altar of Fedhas.
  1858 | D:3      | Found a white marble altar of Elyvilon.
  1858 | D:3      | Found an ancient bone altar of Kikubaaqudgha.
  1918 | D:3      | Noticed Robin
  1928 | D:3      | Killed Robin
  1929 | D:3      | Reached skill level 8 in Ranged Weapons
  1929 | D:3      | 1929 ||| FLEEEEING.
  1930 | D:3      | 1930 ||| FLEEEEING.
  1931 | D:3      | 1931 ||| FLEEEEING.
  1932 | D:3      | 1932 ||| FLEEEEING.
  1933 | D:3      | 1933 ||| FLEEEEING.
  1934 | D:3      | 1934 ||| FLEEEEING.
  1935 | D:3      | 1935 ||| FLEEEEING.
  1937 | D:3      | 1937 ||| FLEEEEING.
  1938 | D:3      | 1938 ||| FLEEEEING.
  1939 | D:3      | 1939 ||| FLEEEEING.
  1940 | D:3      | 1940 ||| FLEEEEING.
  1941 | D:3      | 1941 ||| FLEEEEING.
  1942 | D:3      | 1942 ||| FLEEEEING.
  1943 | D:3      | 1943 ||| FLEEEEING.
  1944 | D:3      | 1944 ||| FLEEEEING.
  1945 | D:3      | 1945 ||| FLEEEEING.
  1946 | D:3      | 1946 ||| FLEEEEING.
  1947 | D:3      | 1947 ||| FLEEEEING.
  1948 | D:3      | 1948 ||| FLEEEEING.
  1949 | D:3      | 1949 ||| FLEEEEING.
  1950 | D:3      | 1950 ||| FLEEEEING.
  1951 | D:3      | 1951 ||| FLEEEEING.
  1952 | D:3      | 1952 ||| FLEEEEING.
  1953 | D:3      | 1953 ||| FLEEEEING.
  1955 | D:3      | 1955 ||| FLEEEEING.
  1956 | D:3      | 1956 ||| FLEEEEING.
  1957 | D:3      | 1957 ||| FLEEEEING.
  1958 | D:3      | 1958 ||| FLEEEEING.
  1959 | D:3      | 1959 ||| FLEEEEING.
  1960 | D:3      | 1960 ||| FLEEEEING.
  1961 | D:3      | 1961 ||| FLEEEEING.
  1962 | D:3      | 1962 ||| FLEEEEING.
  1963 | D:3      | 1963 ||| FLEEEEING.
  1964 | D:3      | 1964 ||| FLEEEEING.
  1965 | D:3      | 1965 ||| FLEEEEING.
  1966 | D:3      | 1966 ||| FLEEEEING.
  1967 | D:3      | 1967 ||| FLEEEEING.
  1968 | D:3      | 1968 ||| FLEEEEING.
  2145 | D:3      | Noticed Sigmund
  2153 | D:3      | Killed Sigmund
  2154 | D:3      | Reached XP level 5. HP: 29/29 MP: 7/7
  2154 | D:3      | Reached XP level 6. HP: 34/34 MP: 8/8
  2244 | D:3      | Found a runed translucent gate.
  2244 | D:3      | Found a runed translucent gate.
  2245 | D:3      | Found a runed translucent gate.
  2246 | D:3      | Noticed qw's ghost (weakling DEHu)
  2246 | D:3      | Noticed qw's ghost (amateur DEHu)
  2340 | D:3      | 2340 ||| UPGRADING to +0 helmet.
  2345 | D:3      | 2345 ||| UPGRADING to +0 pair of gloves.
  2350 | D:3      | 2350 ||| READING scroll labelled ZOPEALEINOO.
  2351 | D:3      | 2351 ||| READING scroll labelled ZEFUNTINNA.
  2352 | D:3      | 2352 ||| READING scroll labelled XEWIMY YCZAEMI.
  2353 | D:3      | 2353 ||| READING 3 scrolls of identify.
  2353 | D:3      | 2353 ||| IDENTIFYING puce potion
  2354 | D:3      | 2354 ||| READING 2 scrolls of identify.
  2354 | D:3      | 2354 ||| IDENTIFYING orange potion
  2355 | D:3      | 2355 ||| DROPPING potion of attraction.
  2356 | D:3      | 2356 ||| DROPPING potion of berserk rage.
  2400 | D:4      | Identified the +0 trident of the Old World {protect, rF+
                  | Will- Int+4}
  2708 | D:4      | Found a sparkling altar of Nemelex Xobeh.
  2942 | D:4      | Reached skill level 9 in Ranged Weapons
  3482 | D:4      | 3482 ||| UPGRADING to +0 pair of boots.
  3487 | D:4      | 3487 ||| READING 2 scrolls labelled IDUFAT BAEREUM.
  3488 | D:4      | 3488 ||| DRINKING 2 fuming cyan potions.
  3489 | D:4      | 3489 ||| READING 3 scrolls of identify.
  3489 | D:4      | 3489 ||| IDENTIFYING black potion
  3490 | D:4      | 3490 ||| READING 2 scrolls of identify.
  3490 | D:4      | 3490 ||| IDENTIFYING smoky coppery potion
  3491 | D:4      | 3491 ||| DROPPING potion of magic.
  3492 | D:4      | 3492 ||| DROPPING scroll of fog.
  3493 | D:4      | 3493 ||| DROPPING potion of degeneration.
  3510 | D:5      | Entered Level 5 of the Dungeon
  3609 | D:5      | Reached skill level 1 in Armour
  3681 | D:5      | Found Janwecukk's Weapon Shoppe.
  3705 | D:5      | Reached XP level 7. HP: 40/40 MP: 9/9
  3860 | D:5      | Reached skill level 10 in Ranged Weapons
  3927 | D:5      | HP: 9/40 [iguana (12)]
  3928 | D:5      | 3928 ||| READING scroll of teleportation.
  3928 | D:5      | Slain by an iguana

Levels and vault maps discovered:
D:1:      amcnicky_arrival_underground_garden, layout_basic, serial_shops,
          nicolae_book_shop_shelving
D:2:      layout_rooms, shapermc_ecumenical_altar_rom_forum,
          chequers_decorated_corner, minivault_27
D:3:      layout_loops_corners, fedhas_ov_isle_minmay,
          gammafunk_temple_overflow_wave, gammafunk_ghost_cemetery, uniq_robin,
          uniq_sigmund
D:4:      layout_layer_cave, mainiacjoe_overflow_alcove_1
D:5:      layout_cave_pods, serial_shops, nicolae_shop_back_alley_shop

Skill      XL: |  1  2  3  4  5  6  7 |
---------------+----------------------+-----
Ranged Weapons | 6 7 8 9 10 | 10.2
Dodging        | 5 |  5.2
Armour         | 1 |  1.3
Fighting       | 2 |  2.2
Stealth        | |  1.2

Action                     |  1- 3 |  4- 6 |  7- 9 || total
---------------------------+-------+-------+-------++-------
   Fire: Shortbow          |   102 |   103 |    45 ||   250
    Use: Scroll            |     5 |     8 |     1 ||    14
         Potion            |       |     1 |       ||     1
 Armour: Leather armour    |    10 |       |       ||    10
         Ring mail         |       |    11 |    17 ||    28
  Dodge: Dodged            |    30 |    20 |    19 ||    69

Table legend:
 A = Non-vault XP
 B = Vault XP
 C = Vault XP percentage of total XP
 D = Non-vault monster count
 E = Vault monster count
 F = Vault count percentage of total count
                 A         B        C        D         E       F
            +---------+---------+-------+---------+---------+-------
      Total |     781 |     254 |  24.5 |      71 |      14 |  16.5
            +---------+---------+-------+---------+---------+-------
        D:1 |      44 |       0 |   0.0 |      22 |       0 |   0.0
        D:2 |      48 |       0 |   0.0 |      13 |       0 |   0.0
        D:3 |      64 |     254 |  79.9 |      17 |      14 |  45.2
        D:4 |     167 |       0 |   0.0 |       8 |       0 |   0.0
        D:5 |     458 |       0 |   0.0 |      11 |       0 |   0.0
            +---------+---------+-------+---------+---------+-------
